 Dungeon Crawl Stone Soup version 0.18-a0-270-ga9d907f (webtiles) character file.

548 Fishman the Insei (level 7, -4/52 HPs)
             Began as a Merfolk Transmuter on Nov 26, 2015.
             Slain by a wraith (11 damage)
             ... on level 5 of the Dungeon.
             The game lasted 00:11:43 (5066 turns).

Fishman the Insei (Merfolk Transmuter)              Turns: 5066, Time: 00:11:43

Health: -4/52      AC:  3    Str: 16    XL:     7   Next: 28%
Magic:  10/10      EV: 15    Int: 13    God:
Gold:   263        SH:  0    Dex: 15    Spells: 3 memorised, 4 levels left

rFire  . . .     SeeInvis .       - Unarmed
rCold  . . .     Clarity  .     b - +0 robe
rNeg   . . .     SustAt   +     (no shield)
rPois  .         Gourm    +     (no helmet)
rElec  .         Spirit   .     (no cloak)
rCorr  .         Warding  .     (no gloves)
rMut   .         Stasis   .     n - +0 pair of boots
MR     .....                    w - amulet of the gourmand
Stlth  +.........               (no ring)
                                u - ring of sustain attributes

@: mighty, very slightly contaminated, starving, slowed, drained, invisible,
very slow, not resistant to hostile enchantments, very unstealthy
A: change form in water, swift swim
a: no special abilities


You were on level 5 of the Dungeon.
You were starving.

You visited 1 branch of the dungeon, and saw 5 of its levels.

You collected 263 gold pieces.

Inventory:

Missiles
 a - 47 arrows
 s - 11 poisoned arrows
Armour
 b - a +0 robe (worn)
 n - a +0 pair of boots (worn)
Jewellery
 u - a ring of sustain attributes (left hand)
 w - an amulet of the gourmand (around neck)
Scrolls
 f - a scroll of fear {unknown}
 g - a scroll of remove curse
 l - 2 scrolls of amnesia
 o - a scroll of teleportation {unknown}
 r - a scroll of enchant armour {unknown}
 y - a scroll of fog {unknown}
Potions
 e - a potion of brilliance
 k - a potion of invisibility
 q - a potion of cancellation {unknown}
 v - a potion of lignification {unknown}
 x - 2 potions of mutation {unknown}
Books
 c - a book of Changes

   Spells                             Type                      Level
   a - Beastly Appendage              Transmutation                1
   b - Sticks to Snakes               Transmutation                2
   c - Spider Form                    Transmutation/Poison         3
   d - Ice Form                       Ice/Transmutation            4
   e - Blade Hands                    Transmutation                5
Comestibles
 d - 4 bread rations
 m - a slice of pizza
 z - 2 meat rations


   Skills:
 - Level 3.3(2.8) Fighting
 + Level 5.7(5.1) Dodging
 + Level 6.0(5.4) Unarmed Combat
 - Level 2.0(1.5) Spellcasting
 - Level 5.0(4.5) Transmutations


You had 4 spell levels left.
You knew the following spells:

 Your Spells              Type           Power        Failure   Level  Hunger
a - Beastly Appendage     Trmt           ##....       6%          1    ##.....
b - Sticks to Snakes      Trmt           ##......     10%         2    ###....
c - Spider Form           Trmt/Pois      #.........   34%         3    ####...


Dungeon Overview and Level Annotations

Branches:
Dungeon (5/15)
 Temple: D:4-7

Altars:
Ashenzari
Makhleb
Qazlal
Ru
Sif Muna
Vehumet
Xom
Yredelemnul
Zin


Message History

The wraith is moderately damaged.
The wraith hits you.
* * * LOW HITPOINT WARNING * * *
The wraith drains your vigour!
You feel as though you will be slow longer.
* * * LOW HITPOINT WARNING * * *
The orc warrior misses you. The wraith misses you.
You hit the wraith but do no damage.
The wraith is moderately damaged.
The wraith closely misses you.
Unknown command.
You hit the wraith.
The wraith is moderately damaged.
The orc warrior completely misses you. The wraith barely misses you.
Unknown command.
Drink which item? (? for menu, Esc to quit)
It was a potion of berserk rage.
You're too hungry to go berserk.
The wraith closely misses you. The orc warrior closely misses you.
The wraith hits you!
You die...

#.#.....#####
#.#####.....# #.#
#.###.#
####################.#
...#.....#.....#($[#.#
...#.....#.....#$:.#.#
#..#[.#..#).#..#:/!#.#
#..#..#..#..#..###'#.#
#.....#.....#...@W.#.#
#.....#.....#....o.#.#
####################.#
.....................#
.....................#
######################
#.....#....(#......#
#.....#.....#......#
#..#..#..#..#..###'#


You could see a wraith and an orc warrior.

Vanquished Creatures
  An ogre (D:5)
  A wight (D:5)
  2 crimson imps
  An orc wizard (D:4)
  A hound (D:5)
  2 orc priests
  2 giant frog skeletons
  A hound skeleton (D:5)
  A worker ant zombie (D:5)
  7 adders
  An adder zombie (D:5)
  An adder skeleton (D:4)
  A giant gecko (D:5)
  15 orcs
  3 giant cockroaches
  3 hobgoblins
  4 jackals
  6 kobolds
  3 quokkas
  3 ball pythons
  10 bats
  A giant cockroach zombie (D:5)
  5 giant newts
  12 goblins
  2 quokka skeletons (D:5)
  A quokka zombie (D:5)
  5 rats
95 creatures vanquished.

Vanquished Creatures (collateral kills)
  An adder (D:2)
1 creature vanquished.

Grand Total: 96 creatures vanquished

Notes
Turn   | Place    | Note
--------------------------------------------------------------
     0 | D:1      | Fishman the Merfolk Transmuter began the quest for the Orb.
     0 | D:1      | Reached XP level 1. HP: 15/15 MP: 3/3
    72 | D:1      | Reached XP level 2. HP: 19/22 MP: 3/5
    76 | D:1      | Learned a level 2 spell: Sticks to Snakes
   418 | D:1      | Found a shattered altar of Ashenzari.
   850 | D:2      | Reached XP level 3. HP: 19/29 MP: 3/6
  1136 | D:2      | Learned a level 3 spell: Spider Form
  1168 | D:2      | Found a shimmering altar of Xom.
  1642 | D:2      | Reached XP level 4. HP: 33/35 MP: 2/7
  1860 | D:3      | Found a burning altar of Makhleb.
  1862 | D:3      | Found a radiant altar of Vehumet.
  1871 | D:3      | Reached skill level 4 in Unarmed Combat
  2026 | D:3      | Found a sacrificial altar of Ru.
  2358 | D:3      | Reached XP level 5. HP: 41/41 MP: 2/8
  3124 | D:4      | Reached skill level 5 in Transmutations
  3313 | D:4      | Reached skill level 5 in Unarmed Combat
  3313 | D:4      | Reached XP level 6. HP: 19/47 MP: 5/9
  3679 | D:4      | Found a deep blue altar of Sif Muna.
  3679 | D:4      | Found a basalt altar of Yredelemnul.
  3964 | D:5      | Entered Level 5 of the Dungeon
  3974 | D:5      | Found a glowing silver altar of Zin.
  4219 | D:5      | Found a stormy altar of Qazlal.
  4581 | D:5      | Reached skill level 5 in Dodging
  4581 | D:5      | Reached XP level 7. HP: 24/52 MP: 1/10
  4868 | D:5      | Reached skill level 6 in Unarmed Combat
  5040 | D:5      | Noticed a wraith
  5066 | D:5      | Slain by a wraith

Vault maps used:
D:1:      saegor_arrival_under_anarchy, ashenzari_altar_1
D:2:      lemuel_round_altar
D:3:      grunt_temple_overflow_lords_of_destruction, lemuel_round_altar
D:4:      gammafunk_temple_overflow_wave, first_bread
D:5:      kennysheep_windowed_halls, nicolae_overflow_hidden_temple,
          grunt_qazlal_clouds

Action                   |  1- 3 |  4- 6 |  7- 9 || total
-------------------------+-------+-------+-------++-------
Melee: Unarmed           |    94 |   207 |    62 ||   363
 Cast: Beastly Appendage |    24 |       |       ||    24
       Sticks to Snakes  |     2 |     3 |       ||     5
       Spider Form       |       |    18 |     3 ||    21
 Abil: End Transformatio |       |       |     1 ||     1
  Use: Potion            |     2 |     3 |     5 ||    10
       Scroll            |       |     6 |     1 ||     7
 Stab: Sleeping          |     1 |     2 |       ||     3
       Distracted        |       |     1 |       ||     1
  Eat: Chunk             |     3 |    12 |     2 ||    17
